AoeStats
← Sebtoshi21

MegaRandom

504461493Analyzed
1v1 RM · 28d ago on Sep 5, 2026· 45m 14s· 2 players
Game mode
Random Map
Map size
Tiny (2 player)
Population
200
Speed
Normal
Resources
Standard
Victory
Conquest
Starting age
Dark Age
Ending age
Imperial Age
RankedLock teamsTeams togetherTeam positionsShared explorationLock speedFull tech treeHidden civsTurbo modeCheats
Victory
Defeat
🇺🇸 Inca · United States
849
+17
🇨🇭 Bulgarians · Switzerland
862
-17
TonyThreeKnees
4:52 Loom
10:08 Feudal Age
10:19 Champi Runner
12:15 Double-Bit Axe
15:15 Fletching
20:32 Forging
25:23 Castle Age
24:22 Padded Archer Armor
25:33 Crossbowman
26:29 Bow Saw
30:43 Pikeman
33:02 Wheelbarrow
32:12 Town Watch
32:38 Demolition Ship
34:48 Scale Mail Armor
38:56 Redemption
Sebtoshi21
0:36 Loom
11:25 Feudal Age
12:13 Double-Bit Axe
13:51 Scale Mail Armor
21:21 Castle Age
28:50 Elite Skirmisher
30:36 Town Watch
31:39 Fletching
31:50 Padded Archer Armor
36:39 Bodkin Arrow
44:39 Imperial Age
42:59 Gold Mining
Connection lost

Rejoining the realm…

Still unreachable

The connection could not be restored.

Session expired

The server has moved on; the page needs a fresh start.